 Dungeon Crawl Stone Soup version 0.27.0-1-g7a089689b8 (webtiles) character file.

Game seed: 627970859536256916

929 mhtbhm the Spear-Bearer (level 7, -14/64 HPs)
             Began as a Minotaur Berserker on Aug 8, 2021.
             Was a Priest of Trog.
             Demolished by a shadow (31 damage)
             ... on level 5 of the Dungeon.
             The game lasted 00:04:55 (5491 turns).

mhtbhm the Spear-Bearer (Minotaur Berserker)        Turns: 5491, Time: 00:04:55

Health: -14/64     AC:  3    Str: 23    XL:     7   Next: 85%
Magic:  6/6        EV: 12    Int:  4    God:    Trog [***...]
Gold:   61         SH:  0    Dex: 10    Spells: 6/6 levels left

rFire    . . .     SeeInvis .   a - +0 trident
rCold    . . .     Faith    .   (no shield)
rNeg     . . .     Spirit   .   b - +0 animal skin
rPois    .         Reflect  .   (helmet restricted)
rElec    .         Harm     .   (no cloak)
rCorr    .         Rampage  .   (no gloves)
Will     .....                  d - +0 pair of boots {Fly}
Stlth    ++........             (no amulet)
HPRegen  0.20/turn              (no ring)
MPRegen  0.10/turn              (no ring)

@: flying, slowed, very slow
A: horns 2, retaliatory headbutt
a: Renounce Religion, Berserk, Trog's Hand


You were on level 5 of the Dungeon.
You worshipped Trog.
Trog was most pleased with you.
You visited 1 branch of the dungeon, and saw 5 of its levels.

You collected 341 gold pieces.
You spent 280 gold pieces at shops.

Inventory:

Hand Weapons
 a - a +0 trident (weapon)
Armour
 b - a +0 animal skin (worn)
 d - a +0 pair of boots of flying (worn)
Wands
 c - a wand of charming (4)
 j - a wand of flame (22)
Scrolls
 e - 2 scrolls of teleportation
 k - a scroll of magic mapping
 l - a scroll of fear {unknown}
Potions
 f - 5 potions of ambrosia
 g - a potion of haste {unknown}
 h - 2 potions of invisibility {unknown}
 i - 5 potions of attraction {unknown}
 m - 2 potions of flight {unknown}
 n - 2 potions of brilliance {unknown}
 o - a potion of curing {unknown}
 p - a potion of might {unknown}
 q - a potion of lignification {unknown}


   Skills:
 + Level 6.4 Fighting
 + Level 8.1 Polearms
 + Level 2.5 Armour
 + Level 4.0 Dodging
 + Level 3.1 Stealth


You had 6 spell levels left.
You didn't know any spells.
Your spell library was empty.

Dungeon Overview and Level Annotations

Branches:
Dungeon (5/15)             Temple (0/1) D:5

Altars:
Hepliaklqana
Qazlal
Trog
Uskayaw
The Shining One

Shops:
D:4 :*((?   D:5 [==[[


Innate Abilities, Weirdness & Mutations

You have a pair of horns on your head.
You reflexively headbutt those who attack you in melee.


Message History

You are confused.
You feel invigorated. The ufetubus barely misses you. The ufetubus misses you.
The ufetubus hits you.
* * * LOW HITPOINT WARNING * * *
The ufetubus hits you but does no damage.
The wraith hits you!
* * * LOW HITPOINT WARNING * * *
The wraith drains your vigour!
You feel as though you will be slow longer.
The shadow closely misses you.
You closely miss the wraith.
The wraith is moderately damaged.
The ufetubus misses you. x2; The wraith hits you!
* * * LOW HITPOINT WARNING * * *
The wraith drains your vigour!
You feel as though you will be slow longer.
The shadow barely misses you. The ufetubus hits you.
* * * LOW HITPOINT WARNING * * *
The ufetubus closely misses you. The wraith hits you.
* * * LOW HITPOINT WARNING * * *
The wraith drains your vigour!
You feel as though you will be slow longer.
The ufetubus hits you.
* * * LOW HITPOINT WARNING * * *
The ufetubus hits you.
* * * LOW HITPOINT WARNING * * *
The ufetubus barely misses you. The ufetubus misses you.
The shadow barely misses you. The ufetubus misses you.
The ufetubus closely misses you.
You're too confused to move!
The ufetubus closely misses you. The ufetubus barely misses you.
The shadow slips into darkness.
The shadow flickers and vanishes!
Deactivating autopickup; reactivate with Ctrl-A.
The ufetubus closely misses you. The ufetubus misses you.
Unknown command.
You feel less invigorated.
You feel less confused.
The shadow strikes at you from the darkness!
You die...

..# #.....#####
### ....#
#.##### # .....#
#.# # ......#
#.#
.........##.#
...........#.#
...........#.# .
..........#.# ..
#.......@'.#
..!##.......5'.#
.............###
............W#
..(..........#
......†.....##
...........## ##
..........## .##
.........##


You could see a wraith and an ufetubus.

Vanquished Creatures
  A yak (D:5)
  A black bear (D:5)
  An ice beast (D:4)
  A centaur (D:5)
  2 scorpions
  A jelly (D:4)
  A hound (D:5)
  Ijyb (D:3)
  4 iguanas
  Robin (D:3)
  4 gnolls (D:5)
  6 adders
  An ufetubus (D:4)
  An adder skeleton (D:4)
  A worm (D:5)
  3 dart slugs
  10 orcs
  2 ball pythons (D:1)
  10 endoplasms
  4 giant cockroaches
  19 goblins
  10 hobgoblins
  3 jackals (D:4)
  2 quokkas
  10 bats
  3 frilled lizards
  3 kobolds
  5 rats
111 creatures vanquished.

Vanquished Creatures (others)
  5 plants (D:5)
5 creatures vanquished.

Grand Total: 116 creatures vanquished

Notes
Turn   | Place    | Note
-------+----------+-------------------------------------------
     0 | D:1      | mhtbhm the Minotaur Berserker began the quest for the Orb.
     0 | D:1      | Reached XP level 1. HP: 19/19 MP: 0/0
    96 | D:1      | Reached skill level 4 in Polearms
    96 | D:1      | Reached XP level 2. HP: 14/27 MP: 1/1
   908 | D:1      | Reached XP level 3. HP: 33/33 MP: 2/2
  1137 | D:2      | Reached ** piety under Trog
  1749 | D:2      | Found a faded altar of an unknown god.
  1851 | D:3      | Noticed Ijyb
  1867 | D:3      | Killed Ijyb
  1868 | D:3      | Reached skill level 5 in Polearms
  1868 | D:3      | Reached XP level 4. HP: 41/41 MP: 3/3
  1912 | D:3      | Found a hide-covered altar of Uskayaw.
  2134 | D:3      | Noticed Robin
  2147 | D:3      | Reached skill level 1 in Stealth
  2151 | D:3      | Killed Robin
  2673 | D:4      | Reached *** piety under Trog
  2674 | D:4      | Reached XP level 5. HP: 46/47 MP: 4/4
  2945 | D:4      | Found Oximocio's Book Shop.
  2948 | D:4      | Found Woff's General Store.
  2954 | D:4      | Reached skill level 5 in Fighting
  2954 | D:4      | Reached skill level 6 in Polearms
  3064 | D:4      | Reached XP level 6. HP: 8/56 MP: 5/5
  3069 | D:4      | HP: 2/56 [poisoned by a scorpion]
  3487 | D:4      | Found a bloodstained altar of Trog.
  3488 | D:4      | Noticed an ice beast
  3498 | D:4      | Killed an ice beast
  3792 | D:4      | Found a glowing golden altar of the Shining One.
  3884 | D:4      | Found Edamoaff's Weapon Shoppe.
  3964 | D:4      | Found Bymod's Magic Scroll Emporium.
  4090 | D:4      | Found Ydweuphu's Weapon Shop.
  4204 | D:4      | Bought a scroll of identify for 24 gold pieces
  4204 | D:4      | Bought a scroll of identify for 24 gold pieces
  4357 | D:5      | Entered Level 5 of the Dungeon
  4381 | D:5      | Found Bemmum's Antique Armour Emporium.
  4400 | D:5      | Bought a pair of glowing boots for 232 gold pieces
  4424 | D:5      | Found a staircase to the Ecumenical Temple.
  4425 | D:5      | Found a stormy altar of Qazlal.
  4447 | D:5      | Found Siyteemm's Jewellery Emporium.
  4527 | D:5      | Found Utruff's Armour Shop.
  4563 | D:5      | Found Weuraerr's Antique Armour Shoppe.
  4566 | D:5      | Reached skill level 7 in Polearms
  4566 | D:5      | Reached XP level 7. HP: 61/61 MP: 6/6
  4944 | D:5      | Noticed a yak
  4951 | D:5      | Killed a yak
  5023 | D:5      | Reached skill level 8 in Polearms
  5236 | D:5      | Found a hazy altar of Hepliaklqana.
  5252 | D:5      | Found Ecea's Jewellery Shop.
  5470 | D:5      | Noticed a shadow
  5470 | D:5      | Noticed a wraith
  5488 | D:5      | HP: 2/64 [ufetubus (2)]
  5491 | D:5      | Demolished by a shadow

Illustrated notes

Levels and vault maps discovered:
D:1:      grunt_arrival_crossed_arrows, layout_loops_ring, roderic_roman_lattice
D:2:      layout_rooms, dilly_ecumenical_altar_fadedgnrine, minivault_25
D:3:      layout_basic, amcnicky_altar_gilded, serial_curves, eino_curves_03,
          eino_curves_04, kennysheep_generic_room_8, uniq_ijyb, uniq_robin
D:4:      layout_loops_ring, mainiacjoe_overflow_six_doors_small,
          nicolae_overflow_hidden_temple, serial_shops, nicolae_take_the_stairs,
          shop, nicolae_inconvenience_store, shop, shop
D:5:      kennysheep_big_flooded_room, layout_basic,
          nicolae_hepliaklqana_hazy_memory, nicolae_qazlal_general_emergency,
          serial_shops, nicolae_shop_trees, nicolae_shop_statue_plus, shop,
          nicolae_shop_waterfront, nicolae_shop_behind_doors, minmay_small_thing

Skill      XL: |  1  2  3  4  5  6  7 |
---------------+----------------------+-----
Polearms       | 4 5 6 7 8 |  8.1
Fighting       | 4 5 6 |  6.4
Stealth        | 1 2 3 |  3.1
Dodging        | 3 4 |  4.0
Armour         | |  2.5

Action                   |  1- 3 |  4- 6 |  7- 9 || total
-------------------------+-------+-------+-------++-------
Melee: Spear             |    64 |       |       ||    64
       Headbutt          |    13 |    22 |     4 ||    39
       Trident           |    31 |   137 |    49 ||   217
Invok: Berserk           |     2 |     3 |       ||     5
  Use: Potion            |     2 |       |     1 ||     3
       Scroll            |       |     5 |       ||     5
 Stab: Sleeping          |     1 |     4 |     2 ||     7
Armor: Animal skin       |    11 |    11 |    16 ||    38
Dodge: Dodged            |    50 |    55 |    44 ||   149
